[Event "44th Chess Olympiad Open 2022"]
[Site "Chennai"]
[Date "2022.07.29"]
[Round "1.31"]
[White "Edwards, Emar"]
[Black "Westerberg, Jonathan"]
[Result "1-0"]
[WhiteElo "1695"]
[BlackElo "2476"]
[Annotator "ChessBase"]
[PlyCount "59"]
[EventDate "2022.??.??"]
[TimeControl "60"]

1. e4 c5 2. Nf3 d6 3. d4 cxd4 4. Nxd4 Nf6 5. Nc3 a6 6. Bg5 e6 7. Qf3 Nbd7 8. O-O-O Qc7 9. Kb1 Be7 10. Be2 b5 11. e5 Bb7 12. exd6 Bxd6 13. Qe3 Be7 14. a3 O-O 15. f4 Nb6 16. Rhe1 Nfd5 17. Nxd5 Nxd5 18. Qh3 Nxf4 19. Bxf4 Qxf4 20. Nxe6 fxe6 21. Rd7 Bd5 22. Rxe7 Qf2 23. Qc3 Qxg2 24. Bd3 Rac8 25. Qd4 Rf2 26. Rxg7+ Qxg7 27. Qxf2 Kh8 28. Rg1 Qe5 29. Qf7 Qc7 30. Qf6+ 1-0

[Event "44th Chess Olympiad Open 2022"]
[Site "Chennai"]
[Date "2022.07.29"]
[Round "1.32"]
[White "Quesada Perez, Yasser"]
[Black "Maung, Maung Kyaw Zaw Hein"]
[Result "1-0"]
[WhiteElo "2568"]
[BlackElo "2121"]
[Annotator "ChessBase"]
[PlyCount "67"]
[EventDate "2022.??.??"]
[TimeControl "60"]

1. e4 c6 2. d4 d5 3. e5 c5 4. dxc5 Nc6 5. f4 e6 6. Be3 Nh6 7. c3 Be7 8. Bd3 O-O 9. Nf3 f6 10. Qe2 Bd7 11. O-O Qc7 12. Bd4 Nxd4 13. cxd4 b6 14. cxb6 Qxb6 15. Nc3 Rab8 16. Rab1 fxe5 17. fxe5 Nf5 18. Bxf5 Rxf5 19. Rf2 a5 20. a4 Bb4 21. Nb5 Rc8 22. Rbf1 Be7 23. Qd3 Rc4 24. b3 Rb4 25. Qc2 h6 26. Nd6 Bxd6 27. exd6 Rxb3 28. Ne5 Bxa4 29. Rxf5 exf5 30. Qc8+ Kh7 31. Qxf5+ Kg8 32. Qe6+ Kh7 33.
Qg6+ Kg8 34. Rf8+ 1-0

[Event "44th Chess Olympiad Open 2022"]
[Site "Chennai"]
[Date "2022.07.29"]
[Round "1.32"]
[White "Quesada Perez, Luis Ernesto"]
[Black "Nay Lin Tun"]
[Result "1-0"]
[WhiteElo "2549"]
[BlackElo "2045"]
[Annotator "RC"]
[PlyCount "35"]
[EventDate "2022.??.??"]
[TimeControl "60"]

1. d4 Nf6 2. c4 e6 3. Nf3 d5 4. Nc3 Be7 5. Bg5 O-O 6. e3 Nbd7 7. Qc2 a6 8. c5 c6 9. Bd3 h6 10. Bf4 Nh5 11. O-O Nxf4 12. exf4 Qc7 13. g3 f6 14. Rae1 e5 15.
Nh4 e4 16. Nxe4 dxe4 17. Bc4+ Rf7 18. Qxe4 1-0

[Event "44th Chess Olympiad Open 2022"]
[Site "Chennai"]
[Date "2022.07.29"]
[Round "1.32"]
[White "Myat Thiri Aung Kyaw"]
[Black "Ortiz Suarez, Isan Reynaldo"]
[Result "0-1"]
[WhiteElo "2120"]
[BlackElo "2526"]
[Annotator "RC"]
[PlyCount "82"]
[EventDate "2022.??.??"]
[TimeControl "60"]

1. e4 c5 2. Nf3 d6 3. b3 Nc6 4. Bb2 e5 5. Bc4 g6 6. O-O Bg7 7. Nc3 a6 8. Re1 b5 9. Bf1 Nge7 10. Nd5 Nxd5 11. exd5 Ne7 12. c3 O-O 13. d4 exd4 14. cxd4 Bb7 15. Qd2 Nxd5 16. dxc5 Bxb2 17. Qxb2 dxc5 18.
Rac1 Rc8 19. Qe5 Qb6 20. h4 Nf6 21. Qf4 Rcd8 22. Re5 Rd5 23.
Rxd5 Bxd5 24. Qe3 Rc8 25. Ne5 Qe6 26. Qg3 Qf5 27. Nd3 Be4 28.
Qd6 Rc6 29. Qb8+ Kg7 30. Qg3 h5 31. Qe3 Nd5 32. Qg3 c4 33.
Ne5 Re6 34. bxc4 Qxe5 35. Qxe5+ Rxe5 36. cxd5 Rxd5 37. a4 bxa4 38. Rc4 Bf5 39. Rxa4 Rd1 40. Ra3 Bd7 41. Rd3 Rxf1+ 0-1

[Event "44th Chess Olympiad Open 2022"]
[Site "Chennai"]
[Date "2022.07.29"]
[Round "1.32"]
[White "Sai Han Thiha"]
[Black "Albornoz Cabrera, Carlos Daniel"]
[Result "0-1"]
[WhiteElo "1974"]
[BlackElo "2566"]
[Annotator "TA"]
[PlyCount "75"]
[EventDate "2022.??.??"]
[TimeControl "60"]

1. d4 Nf6 2. Bf4 g6 3. Nf3 Bg7 4. e3 O-O 5. Be2 d6 6. O-O Nh5 {
[%emt 0:00:26] Recently 6...Nc6 got a lot of attention.} 7. Bg5 {[%emt 0:06:06]
A48:1 d4 Nf6 2 Nf3 g6: Torre, London and Colle Systems.} h6 8.
Bh4 g5 {[%emt 0:00:05] [#]} 9. Ne1 $1 {[%emt 0:00:15] The
position is equal.} Nf6 10. Bg3 Ne4 {[%emt 0:
00:00] [#]} 11. c4 $146 ({Predecessor:} 11. Nd2 Nxg3 12. fxg3
c5 13. c3 Nd7 14. a4 cxd4 15. exd4 e5 16. Nc2 Qe7 17. Bf3 {0-1 (45) Ortega
Morales,P (1737)-Pajuelo Morales,R (1914) Madrid 2019}) 11... f5 12. Nc3 Nxg3 13. hxg3 e6 14. Rc1 Nd7 15. Nd3 c5 (15... e5 $11) 16.
d5 (16. g4 $14) 16... e5 $11 17. e4 Nf6 18. exf5 e4 19.
Ne1 Bxf5 20. Nc2 h5 21. Qd2 ({Not} 21. Bxh5 $2 g4 22. Ne3 Qd7 $19)
21... g4 22. Ne3 (22. Qg5 $11 Nd7 23. Qxd8 (
23. Qxh5 Ne5 $17) 23... Rfxd8 24. Ne3) 22... Bg6 $15 {[%emt 0:02:51] Black
keeps a firm grip on the game.} 23. a3 Nd7 24. b4 (24. Bd1 $15) 24... b6 25. Rb1 (25. Bd1 $142) 25... Rf7 $17 26. Rfc1 (26. Bd1 $17 {keeps fighting.}) 26... Qf6 $19 27. Ncd1 Raf8 28. Bf1 Ne5 29. bxc5 bxc5 30. Rb3 (30. Be2 $142 Qg5 31. Nf1 Qxd2 32. Nxd2) 30...
h4 {[%emt 0:01:38] White must now prevent ...hxg3.} 31. Rcb1 hxg3 {[%emt 0:00:47] Hoping for ...Qg5.} 32. fxg3 {[%emt 0:00:00] [#]} Qxf1+ $1 33. Nxf1 Rxf1+ 34. Kh2 R8f5 35. Nf2 R1xf2 36. Qa5 Nf3+ 37. Rxf3 exf3 38. Kg1 {[%emt 0:00:00] Weighted Error
Value: White=0.74/Black=0.06 (flawless)} 0-1

[Event "44th Chess Olympiad Open 2022"]
[Site "Chennai"]
[Date "2022.07.29"]
[Round "1.33"]
[White "Mannhart, Marcel"]
[Black "Dragnev, Valentin"]
[Result "0-1"]
[WhiteElo "2110"]
[BlackElo "2557"]
[Annotator "ChessBase"]
[PlyCount "64"]
[EventDate "2022.??.??"]
[TimeControl "60"]

1. Nc3 d5 2. e4 d4 3. Nce2 e5 4. Ng3 Be6 5. Nf3 f6 6. Be2 Qd7 7. d3 Nc6 8. c4 h5 9. a3 a5 10. b3 h4 11. Nf1 h3 12. g3 Bd6 13.
Qc2 g5 14. Ng1 Nh6 15. f3 g4 16. Nd2 Qg7 17. fxg4 Nxg4 18. Bxg4 Qxg4 19. Qd1 Qg7 20. Qe2 Bg4 21. Ngf3 O-O 22. O-O f5 23. Rf2 f4 24. Kh1 fxg3 25. hxg3 Rf6 26. Bb2 Raf8 27. Raf1 Qh6 28. Re1 Qh5 29. Ref1 Nd8 30. Bc1 Ne6 31. Kh2 Ng5 32. Nxg5 Bxe2 0-1

[Event "44th Chess Olympiad Open 2022"]
[Site "Chennai"]
[Date "2022.07.29"]
[Round "1.33"]
[White "Schadler, Martin"]
[Black "Shengelia, David"]
[Result "0-1"]
[WhiteElo "1939"]
[BlackElo "2462"]
[Annotator "RC"]
[PlyCount "54"]
[EventDate "2022.??.??"]
[TimeControl "60"]

1. d4 Nf6 2. c4 e6 3. Nc3 Bb4 4. g3 O-O 5. Bg2 d5 6. Nf3 dxc4 7. O-O Nbd7 8. Qa4 a5 9. a3 Bxc3 10.
bxc3 Nb6 11. Qc2 Bd7 12. e4 Ba4 13. Qe2 h6 14. Be3 Nxe4 15.
Ne5 Nxc3 16. Qg4 f5 17. Qh5 Be8 18. Qf3 Ncd5 19. Qe2 Bb5 20.
Rfc1 Nd7 21. Qc2 Nxe5 22. dxe5 Nxe3 23. fxe3 Ba6 24. Rd1 Qe7 25. Rd4 Qc5 26. Qc3 Rad8 27. Rad1 Qxe5 0-1

[Event "44th Chess Olympiad Open 2022"]
[Site "Chennai"]
[Date "2022.07.29"]
[Round "1.34"]
[White "Gazik, Viktor"]
[Black "Traore, Bakary"]
[Result "1-0"]
[WhiteElo "2544"]
[BlackElo "2181"]
[Annotator "RC"]
[PlyCount "41"]
[EventDate "2022.??.??"]
[TimeControl "60"]

1. e4 e5 2. Nf3 Nf6 3. d4 Nxe4 4. dxe5 d5 5. Nbd2 Nc6 6.
Bb5 Bd7 7. O-O Nxe5 8. Nxe5 Bxb5 9. c4 Nxd2 10. Bxd2 dxc4 11. Qf3 f6 12. Rfe1 fxe5 13. Rxe5+ Be7 14. Bb4 Bc6 15. Qf5 Qd3 16. Rxe7+ Kd8 17. Qe5 Bd7 18. Qxg7 Re8 19. Rae1 c5 20. Rxe8+ Bxe8 21. Qxb7 1-0

[Event "44th Chess Olympiad Open 2022"]
[Site "Chennai"]
[Date "2022.07.29"]
[Round "1.34"]
[White "Repka, Christopher"]
[Black "Maiga, Baba Moulaye Abdall"]
[Result "1-0"]
[WhiteElo "2516"]
[BlackElo "1822"]
[Annotator "RC"]
[PlyCount "85"]
[EventDate "2022.??.??"]
[TimeControl "60"]

1. Nf3 Nc6 2. d4 d5 3. c4 e6 4. e3 Bb4+ 5. Nbd2 Nf6 6. Bd3 Ne4 7. a3 Bxd2+ 8. Nxd2 f5 9. Qh5+ g6 10. Qh6 Qe7 11. O-O Bd7 12. b4 Qg5 13.
Qxg5 Nxg5 14. Bb2 Ne7 15. Rfc1 c6 16. Nb3 Rc8 17. a4 Ne4 18.
a5 Nd6 19. c5 Ne4 20. a6 Rc7 21. f3 Nf6 22. Bc3 bxa6 23. Bxa6 Bc8 24. Be2 Bd7 25. Be1 Kf7 26. Ba6 Rb8 27. Ra4 Bc8 28. Bg3 Bxa6 29. Bxc7 Rb7 30. Rxa6 Rxc7 31. Rca1 Nc8 32. Na5 Ne7 33. b5 cxb5 34. Rb1 Ne8 35. Rxb5 Nc8 36. Nc6 Nf6 37. Nd8+ Ke7 38. Nxe6 Rd7 39. Rb8 Nd6 40. Nf8 Nde8 41. Nxd7 Kxd7 42. Rxa7+ Nc7 43. Rf8 1-0

[Event "44th Chess Olympiad Open 2022"]
[Site "Chennai"]
[Date "2022.07.29"]
[Round "1.34"]
[White "Coulibaly, Abdoulaye"]
[Black "Ftacnik, Lubomir"]
[Result "0-1"]
[WhiteElo "1936"]
[BlackElo "2483"]
[Annotator "RC"]
[PlyCount "52"]
[EventDate "2022.??.??"]
[TimeControl "60"]

1. e4 c5 2. Nf3 d6 3. Nc3 a6 4. h3 Nc6 5. d4 cxd4 6. Nxd4 e6 7. Be2 Nf6 8. O-O Be7 9. Bf3 Qc7 10. b3 Ne5 11. Bb2 b5 12. Re1 Bb7 13. Rc1 O-O 14. Qe2 Rac8 15.
Nd1 Rfd8 16. c3 Qb8 17. Ne3 Nxe4 18. Bxe4 Bxe4 19. Ng4 Bg6 20. Nxe5 dxe5 21. Qxe5 Qxe5 22. Rxe5 b4 23. Ne2 Rd2 24. cxb4 Rxc1+ 25. Bxc1 Rd1+ 26. Kh2 Bd6 0-1

[Event "44th Chess Olympiad Open 2022"]
[Site "Chennai"]
[Date "2022.07.29"]
[Round "1.34"]
[White "Diarra, Sirike"]
[Black "Druska, Juraj"]
[Result "0-1"]
[WhiteElo "1641"]
[BlackElo "2519"]
[Annotator "RC"]
[PlyCount "53"]
[EventDate "2022.??.??"]
[TimeControl "60"]

1. d4 Nf6 2. c4 e6 3. Nf3 c5 4. e3 d5 5. Be2 dxc4 6. O-O a6 7. Bxc4 b5 8. Be2 Bb7 9. a3 Nbd7 10. Nc3 Rc8 11. Re1 Be7 12. Bf1 O-O 13. Qe2 Qb6 14. Rd1 Rfd8 15. h3 h6 16. Ne1 Nd5 17. Nxd5 Bxd5 18. Nf3 Bf6 19. e4 Bc4 20. Qe3 cxd4 21. Qf4 e5 22. Qg3 Kh7 23. Qg4 Be6 24. Qh5 Rxc1 25. h4 Rxd1 26. Ng5+ Bxg5 27. Rxd1 0-1

[Event "44th Chess Olympiad Open 2022"]
[Site "Chennai"]
[Date "2022.07.29"]
[Round "1.35"]
[White "Stremavicius, Titas"]
[Black "Wojciechowski, Paul"]
[Result "1-0"]
[WhiteElo "2532"]
[BlackElo "1944"]
[Annotator "RC"]
[PlyCount "75"]
[EventDate "2022.??.??"]
[TimeControl "60"]

1. d4 Nf6 2. c4 g6 3. h4 Bg7 4. Nc3 d6 5. e4 Nbd7 6. Be2 c5 7. d5 a6 8. a4 b6 9. g4 h6 10. Nh3 Ne5 11. f3 Qc7 12. Nf2 h5 13. g5 Nh7 14. f4 Nd7 15.
Be3 Bb7 16. Rg1 Nhf8 17. Qd2 O-O-O 18. a5 bxa5 19. Ncd1 Re8 20. Rxa5 e6 21. b4 cxb4 22. Qxb4 f5 23. gxf6 Bxf6 24. e5 dxe5 25. Ne4 Be7 26. d6 Bxh4+ 27. Nef2 Qc6 28. fxe5 Nh7 29. Rxg6 Rhg8 30. Bxh5 Qh1+ 31. Kd2 Bxf2 32. Nxf2 Qxh5 33.
Rc5+ Nxc5 34. Qxc5+ Kb8 35. Qa7+ Kc8 36. d7+ Kd8 37. dxe8=Q+ Kxe8 38. Rxg8+ 1-0

[Event "44th Chess Olympiad Open 2022"]
[Site "Chennai"]
[Date "2022.07.29"]
[Round "1.35"]
[White "Kazakouski, Valery"]
[Black "Forbes, Garry"]
[Result "1/2-1/2"]
[WhiteElo "2528"]
[BlackElo "1908"]
[Annotator "RC"]
[PlyCount "23"]
[EventDate "2022.??.??"]
[TimeControl "60"]

1. d4 Nf6 2. c4 g6 3. g3 Bg7 4. Bg2 d6 5. Nf3 O-O 6. O-O c6 7. Nc3 Bf5 8. Ng5 h6 9. e4 Bc8 10. Nf3 Nbd7 11. h3 e5 12. Be3 1/2-1/2

[Event "44th Chess Olympiad Open 2022"]
[Site "Chennai"]
[Date "2022.07.29"]
[Round "1.35"]
[White "Carpenter, Paul A"]
[Black "Laurusas, Tomas"]
[Result "0-1"]
[WhiteElo "1938"]
[BlackElo "2561"]
[Annotator "RC"]
[PlyCount "60"]
[EventDate "2022.??.??"]
[TimeControl "60"]

1. e4 c5 2. d3 Nc6 3. Nd2 Nf6 4. Ngf3 d5 5. h3 e5 6. c3 Be7 7. Be2 O-O 8.
Qc2 Re8 9. g4 b5 10. Nf1 d4 11. Ng3 g6 12. Bh6 Nd7 13. Rg1 Nf8 14. Nf5 Ne6 15. h4 Bf6 16. Bd2 Kh8 17. Nh6 Qe7 18. g5 Bg7 19. h5 Nf4 20.
hxg6 fxg6 21. Qb3 Rf8 22. Bxf4 exf4 23. Rc1 Rb8 24. Kd2 Be6 25. Qc2 dxc3+ 26. bxc3 b4 27. cxb4 c4 28. a3 Nxb4 29. axb4 Qxb4+ 30. Kd1 cxd3 0-1

[Event "44th Chess Olympiad Open 2022"]
[Site "Chennai"]
[Date "2022.07.29"]
[Round "1.35"]
[White "Gurner, Jem"]
[Black "Juksta, Karolis"]
[Result "0-1"]
[WhiteElo "1800"]
[BlackElo "2412"]
[Annotator "RC"]
[PlyCount "90"]
[EventDate "2022.??.??"]
[TimeControl "60"]

1. e4 e6 2. d4 d5 3. Nd2 c5 4. exd5 exd5 5. Ngf3 Nc6 6. Bb5 Qe7+ 7. Be2 Qc7 8. O-O Nf6 9. Re1 cxd4 10. Nb3 Be7 11. Nfxd4 O-O 12. g3 Bh3 13. Bf4 Qd7 14. c3 Rfe8 15. Bd3 Bf8 16. Qc2 g6 17. Rad1 Rac8 18. Nxc6 bxc6 19. Be3 Ng4 20. Nc5 Qe7 21. b4 Ne5 22. Be2 h5 23. Nd3 Bf5 24. Kg2 h4 25. Bd4 Bg7 26. Qc1 h3+ 27. Kf1 Qb7 28. Bxe5 Bxe5 29. Nxe5 Rxe5 30. Qd2 Rce8 31. Bd3 c5 32. Rxe5 Rxe5 33. Re1 Rxe1+ 34. Kxe1 Bxd3 35. Qxd3 cxb4 36. cxb4 Qxb4+ 37. Ke2 Qb2+ 38. Qd2 Qxd2+ 39. Kxd2 Kf8 40. Kd3 Ke7 41. Kd4 Kd6 42. f3 f6 43. f4 f5 44. a3 a6 45. a4 a5 0-1

[Event "44th Chess Olympiad Open 2022"]
[Site "Chennai"]
[Date "2022.07.29"]
[Round "1.36"]
[White "Georgiadis, Nico"]
[Black "Yahi, Mohamed Salem"]
[Result "1-0"]
[WhiteElo "2578"]
[BlackElo "1862"]
[Annotator "RC"]
[PlyCount "47"]
[EventDate "2022.??.??"]
[TimeControl "60"]

1. e4 e6 2. d4 d5 3. Nc3 Bb4 4. e5 c5 5. a3 Bxc3+ 6. bxc3 Qa5 7. Bd2 Qa4 8. Qg4 Ne7 9. Qxg7 Rg8 10. Qxh7 cxd4 11. Rb1 Qxa3 12. cxd4 Nbc6 13. Nf3 Qa2 14. c3 Rg7 15. Qd3 b5 16. Be2 a6 17. h4 Nf5 18. h5 Qc4 19. h6 Qxd3 20. Bxd3 Rh7 21. g4 Rh8 22. gxf5 exf5 23. Bg5 Ne7 24. Bf6 1-0

[Event "44th Chess Olympiad Open 2022"]
[Site "Chennai"]
[Date "2022.07.29"]
[Round "1.36"]
[White "Kurmann, Oliver"]
[Black "Cheikhna, Mohamed Lemine"]
[Result "1-0"]
[WhiteElo "2463"]
[BlackElo "1899"]
[Annotator "RC"]
[PlyCount "87"]
[EventDate "2022.??.??"]
[TimeControl "60"]

1. e4 c5 2. Nf3 Nc6 3. Nc3 e5 4. Bc4 d6 5. d3 Be7 6. h3 Nf6 7. Nh2 Be6 8. Ng4 Qd7 9. Nxf6+ Bxf6 10. Nd5 Bxd5 11. Bxd5 O-O 12. Qg4 Qc7 13. c3 Rab8 14. h4 b5 15. Bg5 Bd8 16. Rh3 Qc8 17. Qh5 Ne7 18.
Bxe7 Bxe7 19. Qf3 Qd7 20. Ke2 Bd8 21. g4 Kh8 22. Kf1 b4 23.
c4 Rb6 24. Kg2 Ra6 25. Kg3 Ra5 26. g5 f5 27. exf5 Qxf5 28. Qxf5 Rxf5 29. a4 Ra6 30. b3 Rb6 31. Rf1 Rf4 32. Re1 Rb8 33. Re4 Rxe4 34. Bxe4 Be7 35. f4 exf4+ 36. Kxf4 Rf8+ 37. Kg4 Rf2 38. Re3 Bf8 39. h5 g6 40. h6 Rf7 41. Bd5 Re7 42. Rf3 Re8 43. a5 Be7 44. Re3 1-0

[Event "44th Chess Olympiad Open 2022"]
[Site "Chennai"]
[Date "2022.07.29"]
[Round "1.36"]
[White "Boidiya, Sidi"]
[Black "Baenziger, Fabian"]
[Result "0-1"]
[WhiteElo "1997"]
[BlackElo "2451"]
[Annotator "ChessBase"]
[PlyCount "56"]
[EventDate "2022.??.??"]
[TimeControl "60"]

1. e4 c5 2. Nc3 d6 3. d4 cxd4 4. Qxd4 Nc6 5. Qd2 g6 6. b3 Bh6 7. f4 Nf6 8. Bb2 O-O 9. O-O-O a5 10. a3 Bg4 11. Be2 Bxe2 12. Ngxe2 a4 13. b4 Ne5 14. Qd4 Rc8 15. Kb1 Nc4 16. Bc1 e5 17. Qa7 exf4 18.
Qxa4 Ng4 19. Rdf1 Nge3 20. Rf3 Ra8 21. Qb5 Nxa3+ 22. Bxa3 Rxa3 23. Kb2 Qa8 24. Nxf4 Bxf4 25. Rxf4 Rc8 26. Qd7 Nc4+ 27. Kc1 Ra1+ 28. Nb1 Qa3+ 0-1

[Event "44th Chess Olympiad Open 2022"]
[Site "Chennai"]
[Date "2022.07.29"]
[Round "1.36"]
[White "Hassan Sidi Mohamed Cheikh"]
[Black "Bogner, Sebastian"]
[Result "0-1"]
[WhiteElo "1825"]
[BlackElo "2545"]
[Annotator "RC"]
[PlyCount "62"]
[EventDate "2022.??.??"]
[TimeControl "60"]

1. e4 c5 2. Nf3 d6 3. d4 cxd4 4. Nxd4 Nf6 5. Nc3 a6 6. Qf3 Nbd7 7. h3 e6 8. g4 h6 9. Be3 Qc7 10. Qg2 b5 11. Bd3 Bb7 12. h4 b4 13.
Nce2 d5 14. f3 dxe4 15. fxe4 Nc5 16. Ng3 Nxg4 17. Bg1 Ne5 18. Kd2 O-O-O 19. Qh3 g6 20. a3 bxa3 21. b4 Ncxd3 22. cxd3 Bxb4+ 23. Ke2 Rxd4 24. Bxd4 Qc2+ 25. Kf1 Qxd3+ 26. Ne2 Qxe4 27. Rh2 Rd8 28. Rc1+ Kb8 29. Bb6 Rd3 30. Ng3 Qf4+ 31. Rf2 Qxc1+ 0-1

[Event "44th Chess Olympiad Open 2022"]
[Site "Chennai"]
[Date "2022.07.29"]
[Round "1.37"]
[White "Cruz, Cristhian"]
[Black "Ayyad, Husain"]
[Result "1-0"]
[WhiteElo "2579"]
[BlackElo "2209"]
[Annotator "RC"]
[PlyCount "62"]
[EventDate "2022.??.??"]
[TimeControl "60"]

1. d4 Nf6 2. c4 e6 3. Nc3 d5 4. cxd5 exd5 5. Bg5 Be7 6. e3 O-O 7. Bd3 Nbd7 8. Qc2 Re8 9. Nf3 c6 10. O-O Nf8 11. h3 Nh5 12. Bxe7 Qxe7 13. Ne5 Nf6 14. f4 Rd8 15. Rae1 Ne8 16. g4 Nd6 17. f5 f6 18.
Nf3 b6 19. Qg2 Bb7 20. h4 c5 21. g5 Ne4 22. Nxe4 dxe4 23. Bc4+ Bd5 24. Bxd5+ Rxd5 25. Nd2 Rad8 26. Nxe4 Kh8 27. Nc3 R5d7 28. d5 b5 29. e4 b4 30. Ne2 c4 31. Nd4 Rc8 1-0

[Event "44th Chess Olympiad Open 2022"]
[Site "Chennai"]
[Date "2022.07.29"]
[Round "1.37"]
[White "Vera Siguenas, Deivy"]
[Black "Shaker, Musab"]
[Result "1-0"]
[WhiteElo "2503"]
[BlackElo "1705"]
[Annotator "RC"]
[PlyCount "53"]
[EventDate "2022.??.??"]
[TimeControl "60"]

1. e4 e5 2. Nf3 Nf6 3. Nxe5 d6 4. Nf3 Nxe4 5. d4 d5 6. Bd3 Bd6 7. O-O O-O 8. c4 c6 9. h3 Nd7 10. Qc2 Ndf6 11. Nc3 Nxc3 12. bxc3 h6 13. Ne5 Bxe5 14. dxe5 Nd7 15. f4 dxc4 16. Bxc4 Nb6 17. Bd3 Be6 18. Qe2 Nd5 19. Bd2 Qb6+ 20. Kh1 f5 21. exf6 Rxf6 22. c4 Nc7 23. Bc3 Rff8 24. f5 Bf7 25. Bxg7 Bh5 26. Qxh5 Kxg7 27. Qg6+ 1-0

[Event "44th Chess Olympiad Open 2022"]
[Site "Chennai"]
[Date "2022.07.29"]
[Round "1.37"]
[White "Ayyad, Maher"]
[Black "Cordova, Emilio"]
[Result "0-1"]
[WhiteElo "2101"]
[BlackElo "2549"]
[Annotator "RC"]
[PlyCount "68"]
[EventDate "2022.??.??"]
[TimeControl "60"]

1. d4 Nf6 2. Nf3 e6 3. g3 b6 4. Bg2 Bb7 5. O-O c5 6. c4 cxd4 7. Nxd4 Bxg2 8. Kxg2 a6 9. b3 Qc7 10. Bb2 Qb7+ 11. Kg1 d6 12. Nc3 Nbd7 13. Rc1 Be7 14. Qd2 O-O 15. Rfd1 Rac8 16. Qe3 Rfe8 17. Qf3 Qc7 18. Ne4 h6 19. Nxf6+ Bxf6 20. Qd3 Ne5 21. Qd2 Qb7 22. Nf3 Nxf3+ 23. exf3 Bxb2 24. Qxb2 Red8 25. Rd3 b5 26.
cxb5 Rxc1+ 27. Qxc1 axb5 28. a4 d5 29. Qf4 bxa4 30. Rc3 e5 31.
Qxa4 d4 32. Qa5 Ra8 33. Qc7 Qb5 34. Qc4 dxc3 0-1

[Event "44th Chess Olympiad Open 2022"]
[Site "Chennai"]
[Date "2022.07.29"]
[Round "1.37"]
[White "Al-Burshaid, Ebrahim"]
[Black "Escalante Ramirez, Brian Sebasti"]
[Result "0-1"]
[WhiteElo "1702"]
[BlackElo "2496"]
[Annotator "RC"]
[PlyCount "62"]
[EventDate "2022.??.??"]
[TimeControl "60"]

1. e4 e6 2. d4 d5 3. Nc3 Bb4 4. e5 c5 5. Bd2 cxd4 6. Nb5 Bf8 7. Nf3 Nc6 8.
Nbxd4 Nge7 9. Bd3 Nxd4 10. Nxd4 Nc6 11. Nf3 Be7 12. Qe2 Nb4 13. Bxb4 Bxb4+ 14. c3 Bc5 15. O-O O-O 16. Rad1 Qe7 17. Bb1 Bd7 18. h4 f5 19. exf6 Qxf6 20. Qc2 Qh6 21. Qe2 Rf6 22. Qe5 Raf8 23. Qc7 Bc6 24. Qg3 Rf4 25. Rfe1 d4 26. cxd4 Bxf3 27. gxf3 Be7 28. Re4 Rxf3 29. Qg4 Rxf2 30. Rxe6 Qxh4 31. Re4 Qh2# 0-1

[Event "44th Chess Olympiad Open 2022"]
[Site "Chennai"]
[Date "2022.07.29"]
[Round "1.38"]
[White "Adly, Ahmed"]
[Black "Al Mutairi, Abdullah F"]
[Result "1-0"]
[WhiteElo "2582"]
[BlackElo "1916"]
[Annotator "RC"]
[PlyCount "63"]
[EventDate "2022.??.??"]
[TimeControl "60"]

1. d4 d5 2. Nf3 Nf6 3. Bg5 Bf5 4. Nbd2 e6 5. c3 Nbd7 6. Nh4 Bg6 7. Nxg6 hxg6 8. e4 Be7 9. e5 Ng8 10. Be3 c5 11. Bd3 cxd4 12. cxd4 Bg5 13. f4 Bh4+ 14. Ke2 Qb6 15. a4 a6 16. a5 Qb4 17. Qc2 Bd8 18. Nf3 b5 19. Bd2 Qf8 20. g4 Rh3 21. Kf2 Ra7 22. Kg2 Rh8 23. Rac1 Ne7 24. Bb4 Qg8 25. Ng5 Rc7 26. Qxc7 Bxc7 27. Rxc7 f6 28. Bxg6+ Kd8 29. Rhc1 Rxh2+ 30. Kxh2 Qh8+ 31. Nh7 fxe5 32. fxe5 1-0

[Event "44th Chess Olympiad Open 2022"]
[Site "Chennai"]
[Date "2022.07.29"]
[Round "1.38"]
[White "Hesham, Abdelrahman"]
[Black "Alzamil, Abdulaziz"]
[Result "1-0"]
[WhiteElo "2386"]
[BlackElo "1871"]
[Annotator "ChessBase"]
[PlyCount "67"]
[EventDate "2022.??.??"]
[TimeControl "60"]

1. e4 d6 2. d4 Nf6 3. Nc3 Nbd7 4. Nf3 e5 5. Rg1 c6 6. g4 exd4 7. Nxd4 Nc5 8.
f3 g6 9. Be3 h6 10. Qd2 Qc7 11. O-O-O Bd7 12. h4 O-O-O 13. b4 Ne6 14. Nxe6 Bxe6 15. Bd4 Bg7 16. g5 hxg5 17. hxg5 Ne8 18. Bxg7 Nxg7 19. Qd4 Nh5 20. Qxa7 Nf4 21. Na4 Kd7 22. Qe3 d5 23. exd5 cxd5 24. Rd4 Nh3 25. Nc5+ Ke7 26. Bxh3 Rxh3 27. Re1 Rh2 28. Rf4 b6 29. Rxf7+ Kxf7 30. Qxe6+ Kg7 31. Qf6+ Kg8 32. Re7 Rh1+ 33.
Kb2 Rd6 34. Qg7# 1-0

[Event "44th Chess Olympiad Open 2022"]
[Site "Chennai"]
[Date "2022.07.29"]
[Round "1.38"]
[White "Alharthi, Ahmed Mohammed A"]
[Black "Fawzy, Adham"]
[Result "0-1"]
[WhiteElo "1935"]
[BlackElo "2471"]
[Annotator "ChessBase"]
[PlyCount "71"]
[EventDate "2022.??.??"]
[TimeControl "60"]

1. d4 Nf6 2. Bf4 g6 3. Nd2 Bg7 4. e4 d6 5. c3 Nbd7 6. Ngf3 O-O 7. Bd3 e5 8. Bg5 h6 9. Bh4 c6 10. O-O Qc7 11. Qc2 Nh5 12. Bg3 Nxg3 13.
hxg3 Nf6 14. Rfe1 exd4 15. cxd4 Ng4 16. Rad1 Bd7 17. Nb3 Rae8 18. Nc1 c5 19. Ne2 b5 20. Nf4 Rc8 21. Nd5 Qd8 22. Qd2 cxd4 23.
Bb1 Be6 24. Nf4 Qb6 25. Nxd4 Rc4 26. Nf3 Re8 27. Rf1 Be5 28. a3 Rcc8 29. Nxe6 Rxe6 30. Nxe5 dxe5 31. Qd7 Rc7 32. Qd8+ Kg7 33. Qh4 h5 34. Rd3 Nxf2 35. Rxf2 Rc1+ 36. Kh2 0-1

[Event "44th Chess Olympiad Open 2022"]
[Site "Chennai"]
[Date "2022.07.29"]
[Round "1.39"]
[White "Mirzaad, S.wahabuddin"]
[Black "Kadric, Denis"]
[Result "0-1"]
[WhiteElo "1999"]
[BlackElo "2554"]
[Annotator "ChessBase"]
[PlyCount "64"]
[EventDate "2022.??.??"]
[TimeControl "60"]

1. d4 d6 2. Nf3 g6 3. e4 Bg7 4. Nc3 a6 5. Be3 e6 6. Qd2 h6 7. a4 b6 8. Bd3 Nd7 9. O-O Ne7 10. Rad1 Bb7 11. h3 Kf8 12. Nh2 f5 13. exf5 exf5 14. Bc4 Nf6 15. f3 Qd7 16. Bf2 d5 17. Bd3 g5 18. Rfe1 Nh5 19. Bf1 Kf7 20.
b3 Ng6 21. Ne2 Bf6 22. Nc1 Nhf4 23. g3 Nh5 24. Nd3 Qd6 25. g4 Ng7 26. Bg2 f4 27. Re2 Rhe8 28. Rde1 Rxe2 29. Rxe2 a5 30. Bf1 Ne6 31. c3 c5 32. dxc5 bxc5 0-1

[Event "44th Chess Olympiad Open 2022"]
[Site "Chennai"]
[Date "2022.07.29"]
[Round "1.39"]
[White "Mirzaad S.wahabuddin"]
[Black "Kadric Denis"]
[Result "1-0"]
[WhiteElo "1999"]
[BlackElo "2554"]
[Annotator "RC"]
[PlyCount "28"]
[EventDate "2022.??.??"]
[TimeControl "60"]

1. d4 d6 2. Nf3 g6 3. e4 Bg7 4. Nc3 a6 5. Be3 e6 6. Qd2 h6 7. a4 b6 8. Bd3 Nd7 9. O-O Ne7 10. Rad1 Bb7 11. h3 Kf8 12. Nh2 f5 13. exf5 exf5 14. Bc4 Nf6 1-0

[Event "44th Chess Olympiad Open 2022"]
[Site "Chennai"]
[Date "2022.07.29"]
[Round "1.39"]
[White "Sakhawaty, Sepehr"]
[Black "Draskovic, Luka"]
[Result "0-1"]
[WhiteElo "1809"]
[BlackElo "2503"]
[Annotator "ChessBase"]
[PlyCount "72"]
[EventDate "2022.??.??"]
[TimeControl "60"]

1. e4 c5 2. Nf3 d6 3. d4 cxd4 4. Nxd4 Nf6 5. Nc3 Nc6 6. Bg5 e6 7. Bc4 Be7 8. Bxf6 Bxf6 9. Nde2 a6 10. a4 Qb6 11. Rb1 Qc5 12. Bb3 O-O 13.
O-O b5 14. Qd2 Bb7 15. Nc1 Nd4 16. Re1 Rac8 17. Qd1 b4 18. N3a2 Nxb3 19. Nxb3 Qxc2 20. Nxb4 Qxd1 21. Rbxd1 Rc4 22. Nd3 Rxe4 23.
Rxe4 Bxe4 24. f3 Bc6 25. Na5 Bxa4 26. b3 Bb5 27. Nb4 d5 28.
Rc1 Bb2 29. Rc2 Bd4+ 30. Kh1 Bb6 31. Nbc6 g6 32. Nb7 d4 33. Ne5 d3 34. Rd2 Be3 35. Rxd3 Bxd3 36. Nxd3 Rb8 0-1